 Dungeon Crawl Stone Soup version 0.24-a0-549-g45f0056d81 (webtiles) character file.

Game seed: 16305249342617971093

0 Jannitor the Ducker (level 1, -7/11 HPs)
             Began as a Spriggan Abyssal Knight on Aug 19, 2019.
             Was a Follower of Lugonu.
             Killed from afar by a hell hound (18 damage)
             ... with a blast of flame
             ... on level 3 of the Abyss.
             The game lasted 00:02:06 (293 turns).

Jannitor the Ducker (Spriggan Abyssal Knight)        Turns: 293, Time: 00:02:06

Health: -7/11      AC:  2    Str:  8    XL:     1   Next: 0%
Magic:  0/3        EV: 18    Int: 13    God:    Lugonu [*.....]
Gold:   85         SH:  0    Dex: 15    Spells: 0/0 levels left

rFire    . . .     SeeInvis +   a - +1 short sword
rCold    . . .     Gourm    .   (shield restricted)
rNeg     . . .     Faith    .   b - +0 robe
rPois    .         Spirit   .   (helmet restricted)
rElec    .         Reflect  .   (no cloak)
rCorr    .         Harm     .   (gloves unavailable)
MR       .....                  (boots unavailable)
Stlth    +.........             (no amulet)
HPRegen  0.03/turn              (no ring)
MPRegen  0.08/turn              (no ring)

@: very quick
A: very small, unfitting armour, see invisible, herbivore, speed 3, slow
metabolism 2
a: Depart the Abyss, Renounce Religion


You were on level 3 of the Abyss.
You worshipped Lugonu.
Lugonu was aware of your devotion.
You were not hungry.

You visited 0 branches of the dungeon, and saw 0 of its levels.
You visited the Abyss 1 time.

You collected 85 gold pieces.

Inventory:

Hand Weapons
 a - a +1 short sword (weapon)
 g - a +0 shortbow
Armour
 b - a +0 robe (worn)
Scrolls
 f - 3 scrolls of teleportation {unknown}
Potions
 d - a potion of flight
 e - a potion of curing {unknown}
Comestibles
 c - 2 rations


   Skills:
 + Level 2.4 Fighting
 + Level 2.1 Short Blades
 + Level 3.5 Dodging
 + Level 1.7 Invocations


You couldn't memorise any spells.
You didn't know any spells.
Your spell library contained the following spells:

 Spells                   Type           Power        Failure   Level  Hunger
 Ensorcelled Hibernation  Hex/Ice        #.....       43%         2    ###....
 Borgnjor's Vile Clutch   Necr/Erth      #.........   100%        5    ######.
 Silence                  Hex/Air        #.........   100%        5    ######.
 Darkness                 Hex            #.........   100%        6    #######
 Shadow Creatures         Summ           N/A          100%        6    #######


Dungeon Overview and Level Annotations

Branches:
Dungeon (0/15)

Altars:


Innate Abilities, Weirdness & Mutations

You are very small and have problems with some larger weapons.
You are too small for most types of armour.
You have supernaturally acute eyesight. (SInv)
You are a herbivore.
You cover ground extremely quickly.
You need to consume almost no food.


Message History

Found a shortbow.
A hell hound comes into view.
The hell hound barks!
You hear a bark!
You see here a shortbow.
g - a shortbow
Press: ? - help, v - describe, . - travel
Here: a hell hound The floor.
Unknown command.
An eye of draining comes into view.
Found a smoky grey potion.
The eye of draining turns its gaze towards you.
Found a gateway leading deeper into the Abyss.
A neqoxec comes into view.
The eye of draining gazes at you.
You feel your power leaking away. The hell hound breathes flames at you.
The blast of flame hits you!!
Ouch! That really hurt!
You die...

# .. .# #... ! .#
.#. ### .#. ..
..###.. ... #.
..#.# .###.
###...#
...#.##..G#.#.#..#
#.#......@...>.#
#.#h.#.#........
#..# ##.......#.
##.## ....#...#
#....##..##..#
##....###..#.#
#....###..#..#
##.........# . #..
#. .#...#.#


You could see an eye of draining and a hell hound.

Vanquished Creatures (others)
  5 starspawn tentacles (Abyss:1)
5 creatures vanquished.

Notes
Turn   | Place    | Note
-------+----------+-------------------------------------------
     0 | Abyss:1  | Jannitor the Spriggan Abyssal Knight began the quest for
                  | the Orb.
     0 | Abyss:1  | Reached XP level 1. HP: 11/11 MP: 3/3
    39 | Abyss:1  | Noticed a thrashing horror
    47 | Abyss:1  | Noticed a tentacled starspawn
    70 | Abyss:1  | Noticed an efreet
    72 | Abyss:1  | Noticed a balrug
   102 | Abyss:1  | Noticed a shadow
   103 | Abyss:1  | Noticed a neqoxec
   117 | Abyss:1  | Noticed a dire elephant zombie
   147 | Abyss:1  | Noticed a demonic crawler
   156 | Abyss:1  | Noticed a large abomination
   183 | Abyss:2  | Noticed a bone dragon
   224 | Abyss:3  | Noticed an orange crystal statue
   237 | Abyss:3  | Noticed a neqoxec
   237 | Abyss:3  | Noticed a starcursed mass
   242 | Abyss:3  | Noticed a glowing orange brain
   242 | Abyss:3  | Noticed a neqoxec
   242 | Abyss:3  | Noticed a neqoxec
   243 | Abyss:3  | Noticed a large abomination
   283 | Abyss:3  | Noticed a hell hound
   287 | Abyss:3  | Noticed an eye of draining
   292 | Abyss:3  | Noticed a neqoxec
   293 | Abyss:3  | Killed from afar by a hell hound

Levels and vault maps discovered:
Abyss:3:  evilmike_abyss_exit_kraken, doesnt_abyss_rune_brain_food, minivault_19

Action                   || total
-------------------------++-------
  Use: Scroll            ||     3
Dodge: Dodged            ||     1

Table legend:
 A = Non-vault XP
 B = Vault XP
 C = Vault XP percentage of total XP
 D = Non-vault monster count
 E = Vault monster count
 F = Vault count percentage of total count
                 A         B        C        D         E       F
            +---------+---------+-------+---------+---------+-------
      Total |       0 |       0 |   N/A |       0 |       0 |  -nan
            +---------+---------+-------+---------+---------+-------
            +---------+---------+-------+---------+---------+-------
